Map: Ever Dream LE

Players

Rex

  • Race: Zerg Zerg
  • League: Master
  • Spawn Location: 7:00

黑羽快斗 (ButAlways) - Winner!

  • Race: Protoss Protoss
  • League: Grandmaster
  • Spawn Location: 1:00

Event: DreamHack SC2 Masters 2020 Fall

VOD

Have the link to the VOD?

Description

Time

  • Played on: Aug. 27, 2020, 8:54 a.m.
  • Length: 13:01

All games in this series

Show
View Real Time Build Order
Export as new Build Order

Rex Zerg 

Build Orders: Hatch First 

Get SALT Encoding   

  12  0:00  Drone  
  13  0:12  Overlord  
  13  0:16  Drone  
  14  0:31  Drone x2  
  16  0:47  Hatchery  
  15  0:51  Drone  
  15  0:55  Drone  
  17  0:57  Drone  
  18  1:08  Extractor  
  17  1:14  Spawning Pool  
  17  1:18  Drone  
  17  1:21  Drone  
  18  1:29  Drone  
  19  1:40  Drone  
  20  1:50  Overlord  
  20  2:01  Queen x2  
  22  2:02  Zergling x4  
  26  2:11  Metabolic Boost  
  26  2:17  Drone x2  
  26  2:22  Drone x2  
  30  2:40  Hatchery  
  29  2:45  Queen  
  29  2:47  Drone  
  29  2:49  Drone  
  33  2:53  Overlord  
  33  2:59  Drone x2  
  33  3:00  Drone  
  36  3:13  Drone x4  
  36  3:14  Overlord  
  36  3:17  Drone  
  41  3:27  Drone x2  
  41  3:32  Queen, Overlord  
  45  3:36  Drone  
  46  3:44  Drone x2  
  46  3:47  Drone x3  
  51  3:51  Queen  
  53  3:56  Spore Crawler  
  53  3:58  Overlord  
  53  3:59  Drone x2  
  54  4:05  Drone x3  
  54  4:07  Spore Crawler  
  56  4:11  Drone  
  56  4:16  Drone  
  57  4:18  Drone x4  
  57  4:22  Drone  
  58  4:26  Queen  
  58  4:30  Lair  
  60  4:32  Roach Warren  
  59  4:38  Drone  
  59  4:39  Drone  
  59  4:42  Zergling x8  
  59  4:44  Overlord x2  
  64  4:53  Spore Crawler  
  64  4:54  Zergling x10  
  64  4:55  Zergling x2  
  64  4:56  Zergling x4  
  71  5:00  Queen  
  71  5:02  Drone  
  71  5:03  Drone  
  71  5:04  Drone, Extractor  
  75  5:07  Drone, Extractor  
  75  5:08  Drone  
  75  5:09  Drone  
  77  5:15  Drone x3  
  77  5:19  Drone  
  81  5:24  Overlord  
  81  5:25  Spore Crawler  
  80  5:29  Drone  
  80  5:32  Extractor  
  80  5:33  Extractor  
  80  5:34  Drone x3, Spire  
  81  5:38  Extractor  
  81  5:39  Drone  
  81  5:40  Overlord x3  
  81  5:42  Drone  
  82  5:44  Drone x3  
  85  5:50  Drone x3, Spore Crawler  
  85  5:54  Drone x2  
  89  6:03  Drone  
  89  6:04  Drone x4  
  93  6:18  Drone  
  94  6:25  Queen x2  
  94  6:39  Spore Crawler  
  87  6:47  Queen  
  87  6:54  Corruptor x10  
  84  7:00  Hatchery  
  84  7:01  Queen  
  103  7:05  Zerg Flyer Weapons Level 1  
  104  7:09  Drone, Overlord x2  
  104  7:13  Overlord  
  104  7:19  Overlord x3  
  98  7:27  Queen x2  
  98  7:29  Spore Crawler  
  99  7:38  Corruptor x3  
  105  7:47  Drone x4, Overseer  
  105  7:50  Drone x6  
  115  7:52  Evolution Chamber  
  115  7:56  Corruptor  
  115  7:57  Corruptor  
  118  8:02  Corruptor  
  114  8:15  Corruptor x4  
  122  8:21  Corruptor x2  
  124  8:27  Drone  
  124  8:28  Drone x3  
  127  8:38  Drone x2  
  127  8:39  Zerg Melee Weapons Level 1  
  129  8:43  Extractor  
  129  8:44  Extractor  
  129  8:45  Zergling x8  
  131  8:52  Corruptor x2  
  130  8:55  Hatchery  
  130  8:57  Zergling x6  
  128  9:09  Drone x4  
  128  9:11  Infestation Pit  
  125  9:21  Zerg Flyer Weapons Level 2  
  125  9:26  Corruptor  
  125  9:27  Corruptor x2  
  129  9:32  Corruptor  
  131  9:39  Drone x3  
  131  9:40  Drone x6  
  140  9:47  Drone x3  
  140  9:48  Overlord  
  143  9:53  Overlord  
  143  9:55  Pathogen Glands  
  143  10:03  Overlord x2  
  143  10:08  Hive  
  143  10:13  Zergling x12  
  143  10:16  Unknown  
  143  10:17  Corruptor  
  142  10:22  Corruptor  
  142  10:23  Corruptor  
  142  10:31  Zergling x16  
  142  10:34  Corruptor  
  152  10:41  Drone x7  
  159  10:49  Drone  
  160  10:50  Infestor x3  
  166  10:59  Corruptor x2  
  166  11:06  Overlord  
  166  11:07  Overlord  
  166  11:15  Corruptor x4  
  159  11:35  Viper x2  
  137  11:49  Corruptor x8  
  137  11:51  Queen  
  137  11:52  Queen  
  151  11:56  Corruptor x2  
  127  12:11  Corruptor x4  
  116  12:16  Zergling x2  
  116  12:17  Zergling x14  
  116  12:21  Corruptor  
  112  12:27  Corruptor  
Show
View Real Time Build Order
Export as new Build Order

黑羽快斗 Protoss - Winner!

Build Orders: 1 Gate Expand, Oracle Opening, Phoenix Opening, Mass Phoenix 

Get SALT Encoding   

  12  0:00  Probe  
  13  0:12  Probe  
  14  0:17  Pylon  
  14  0:24  Probe  
  15  0:37  Gateway  
  15  0:38  Probe (Chrono Boost)  
  16  0:47  Probe (Chrono Boost)  
  17  0:52  Probe (Chrono Boost)  
  17  0:55  Assimilator  
  18  1:04  Probe  
  19  1:16  Probe  
  20  1:25  Nexus  
  20  1:35  Cybernetics Core  
  20  1:38  Probe  
  21  1:46  Assimilator  
  21  1:50  Probe  
  22  1:56  Pylon  
  22  2:03  Probe  
  23  2:11  Adept (Chrono Boost)  
  23  2:15  Probe (Chrono Boost)  
  26  2:19  Stargate  
  26  2:24  Probe (Chrono Boost)  
  26  2:29  Probe (Chrono Boost)  
  27  2:30  Warp Gate  
  28  2:37  Stalker  
  28  2:39  Probe  
  28  2:43  Probe  
  32  2:51  Probe  
  33  2:55  Probe  
  34  3:03  Oracle (Chrono Boost), Probe (Chrono Boost)  
  38  3:09  Probe (Chrono Boost)  
  38  3:12  Gateway  
  39  3:15  Probe (Chrono Boost)  
  41  3:21  Pylon  
  41  3:24  Probe x2 (Chrono Boost)  
  42  3:28  Assimilator  
  42  3:29  Probe  
  42  3:31  Probe  
  42  3:33  Assimilator  
  44  3:36  Stargate  
  44  3:41  Probe  
  44  3:44  Probe  
  44  3:46  Pylon  
  46  3:53  Phoenix (Chrono Boost)  
  46  3:54  Probe  
  49  3:56  Probe  
  50  4:06  Probe  
  50  4:08  Probe  
  52  4:15  Phoenix (Chrono Boost)  
  54  4:20  Phoenix (Chrono Boost)  
  56  4:25  Zealot x2  
  60  4:34  Pylon  
  60  4:37  Phoenix (Chrono Boost)  
  60  4:38  Pylon  
  62  4:48  Nexus  
  64  4:54  Pylon  
  64  4:58  Phoenix (Chrono Boost)  
  64  4:59  Phoenix (Chrono Boost)  
  66  5:05  Pylon  
  66  5:09  Probe x2  
  68  5:15  Shield Battery  
  68  5:17  Phoenix  
  70  5:22  Adept x2  
  70  5:25  Protoss Air Weapons Level 1  
  70  5:27  Shield Battery  
  74  5:32  Phoenix  
  76  5:36  Forge  
  76  5:37  Shield Battery  
  76  5:44  Phoenix  
  76  5:47  Sentry  
  80  5:50  Sentry  
  80  5:52  Pylon  
  80  5:53  Shield Battery  
  80  5:54  Probe x2  
  84  6:00  Phoenix  
  86  6:09  Probe  
  86  6:10  Phoenix  
  86  6:11  Probe  
  90  6:14  Probe  
  91  6:20  Photon Cannon  
  91  6:21  Probe  
  91  6:23  Probe  
  55  6:25  Phoenix  
  93  6:26  Probe  
  94  6:33  Probe  
  94  6:36  Phoenix  
  97  6:43  Adept  
  97  6:44  Probe x2  
  97  6:46  Probe  
  100  6:50  Phoenix  
  102  6:56  Probe x2  
  102  6:57  Assimilator  
  102  6:58  Assimilator, Probe  
  102  6:59  Stargate  
  102  7:01  Phoenix  
  107  7:05  Photon Cannon  
  108  7:08  Probe x2  
  109  7:27  Probe x2  
  109  7:29  Pylon  
  109  7:30  Void Ray (Chrono Boost)  
  109  7:31  Pylon  
  109  7:32  Pylon  
  109  7:33  Photon Cannon  
  109  7:35  Probe, Pylon  
  108  7:38  Void Ray x2 (Chrono Boost)  
  108  7:49  Photon Cannon  
  116  7:54  Nexus  
  116  7:58  Pylon  
  116  8:01  Void Ray (Chrono Boost)  
  115  8:08  Void Ray x2 (Chrono Boost)  
  119  8:19  Fleet Beacon  
  122  8:23  Probe  
  122  8:25  Probe  
  124  8:31  Probe  
  124  8:32  Void Ray (Chrono Boost)  
  125  8:35  Probe  
  125  8:38  Photon Cannon  
  125  8:39  Photon Cannon  
  125  8:40  Shield Battery  
  130  8:41  Probe  
  130  8:44  Assimilator  
  130  8:46  Probe  
  132  8:48  Stargate, Assimilator  
  132  8:50  Shield Battery  
  132  8:54  Void Ray (Chrono Boost)  
  132  8:59  Unknown  
  132  9:01  Void Ray  
  136  9:12  Void Ray (Chrono Boost), Probe x3  
  136  9:16  Pylon  
  136  9:17  Pylon  
  135  9:18  Shield Battery  
  135  9:22  Stargate, Probe  
  138  9:37  Void Ray (Chrono Boost)  
  140  9:42  Protoss Air Weapons Level 2 (Chrono Boost)  
  140  9:44  Void Ray (Chrono Boost)  
  144  9:46  Void Ray (Chrono Boost)  
  144  9:50  Void Ray (Chrono Boost)  
  144  9:51  Photon Cannon  
  144  9:56  Zealot x2  
  144  9:57  Pylon  
  156  10:05  Pylon  
  156  10:11  Void Ray (Chrono Boost)  
  158  10:14  Void Ray (Chrono Boost)  
  158  10:18  Void Ray (Chrono Boost)  
  152  10:22  Void Ray (Chrono Boost)  
  160  10:31  Zealot  
  160  10:32  Zealot  
  168  10:40  Void Ray (Chrono Boost)  
  168  10:45  Void Ray (Chrono Boost)  
  168  10:47  Void Ray (Chrono Boost)  
  176  10:54  Pylon  
  176  10:55  Void Ray (Chrono Boost)  
  176  10:56  Nexus  
  180  11:02  Void Ray (Chrono Boost)  
  174  11:08  Photon Cannon  
  174  11:10  Shield Battery  
  178  11:12  Void Ray x2  
  180  11:26  Shield Battery  
  180  11:28  Photon Cannon  
  180  11:31  Void Ray x2, Photon Cannon  
  180  11:32  Shield Battery  
  176  11:39  Void Ray  
  154  11:49  Void Ray  
  154  11:50  Void Ray  
  138  12:08  Void Ray x2  
  146  12:15  Zealot x2  
  146  12:16  Void Ray  
  146  12:18  Probe x5  
  146  12:19  Unknown  
  159  12:30  Probe x3  
  159  12:32  Probe x2  
  159  12:35  Photon Cannon  
  168  12:38  Pylon  
  168  12:42  Zealot, Probe x3  
  168  12:43  Zealot  

Tags
 
Add a new tag
Caveats
  • Supply blocks, unpowered buildings, or Contaminate may cause inaccurate times.
  • Supply counts are checked every 10 seconds.